 Dungeon Crawl Stone Soup version 0.27-a0-1500-g450c7e4133 (webtiles) character file.

Game seed: 15225078156608451296

244706 robertstho the Sorcerer (level 20, 0/143 HPs)
             Began as a Djinni Fire Elementalist on July 7, 2021.
             Was an Initiate of Gozag.
             Killed from afar by Azrael (32 damage)
             ... with damnation
             ... on level 1 of the Elven Halls.
             The game lasted 01:39:48 (31435 turns).

robertstho the Sorcerer (Djinni Fire Elementalist) Turns: 31435, Time: 01:39:49

Health: 0/143      AC:  9    Str:  7    XL:     20   Next: 23%
Gold:   6538       EV: 14    Int: 30    God:    Gozag SH:  5 Dex: 15

rFire    + + +     SeeInvis +   d - +8 quarterstaff "Vumnek" {venom, rElec rC++}
rCold    + . .     Faith    .   (shield currently unavailable)
rNeg     + . .     Spirit   .   v - +0 troll leather armour {Purgy}
rPois    ∞         Reflect  +   O - +2 hat {Stlth+}
rElec    +         Harm     .   b - +0 cloak
rCorr    .         Rampage  .   K - +0 pair of gloves
Will     +....                  (boots unavailable)
Stlth    ++++......             Q - amulet "Girecosh" {Reflect Regen+ SH+5}
HPRegen  2.33/turn              F - ring "Veriefes" {rF+ Will- Int+5 SInv}
MPRegen  0.00/turn              e - ring "Deofouj" {+Blink rElec rF++ rN+ MP+9}

@: gold aura, flying
A: sickness immunity, fire resistance 2, cold vulnerability 1, float, innate
caster, hp casting, extra vitality 1
}: 2/15 runes: decaying, serpentine
a: Renounce Religion, Evoke Blink, Potion Petition, Call Merchant, Bribe Branch


You were on level 1 of the Elven Halls.
You worshipped Gozag.
Gozag was greatly pleased with you.
You visited 7 branches of the dungeon, and saw 29 of its levels.
You also visited: Sewer.

You collected 11920 gold pieces.
You spent 3709 gold pieces at shops.
You paid 1673 gold pieces to Gozag.

Inventory:

Hand Weapons
 d - the +8 quarterstaff "Vumnek" (weapon) {venom, rElec rC++}
   (You bought it in a shop on level 4 of the Snake Pit)

   It poisons the flesh of those it strikes.
   rC:        It greatly protects you from cold.
   rElec:     It insulates you from electricity.
 x - the +2 dagger of Exoneration {flame, rF- rC+++ Int+3 Stlth+}
   (You bought it in a shop on level 2 of the Orcish Mines)

   It has been specially enchanted to burn those struck by it, causing extra
   injury to most foes and up to half again as much damage against particularly
   susceptible opponents.
   Int:       It affects your intelligence (+3).
   rF:        It makes you vulnerable to fire.
   rC:        It renders you almost immune to cold.
   Stlth:     It makes you more stealthy.
Missiles
 n - 8 silver javelins
Armour
 b - a +0 cloak (worn)
 v - a +0 troll leather armour (worn) {Purgy}
 D - a +2 robe of resistance
 K - a +0 pair of gloves (worn)
 O - a +2 hat of stealth (worn)
Jewellery
 a - the ring "Pem Ylae" {rF+ rCorr}
   (You bought it in a shop on level 3 of the Lair of Beasts)

   [ring of resist corrosion]

   rF:        It protects you from fire.
   rCorr:     It protects you from acid and corrosion.
 e - the ring "Deofouj" (right hand) {+Blink rElec rF++ rN+ MP+9}
   (You acquired it on level 4 of the Lair of Beasts)

   [ring of positive energy]

   rF:        It greatly protects you from fire.
   rElec:     It insulates you from electricity.
   rN:        It protects you from negative energy.
   MP:        It affects your magic capacity (+9).
   +Blink:    It lets you blink.
 k - a +4 ring of slaying
 C - a +4 ring of protection
 F - the ring "Veriefes" (left hand) {rF+ Will- Int+5 SInv}
   (You bought it in a shop on level 3 of the Lair of Beasts)

   [ring of see invisible]

   Int:       It affects your intelligence (+5).
   rF:        It protects you from fire.
   SInv:      It lets you see invisible.
   Will:      It decreases your willpower.
 G - a ring of willpower
 L - the amulet "Zizuahaz" {Acrobat rF- rN+ Str+3}
   (You found it on level 10 of the Dungeon)

   [amulet of the acrobat]

   It increases your evasion while moving and waiting.
   Str:       It affects your strength (+3).
   rF:        It makes you vulnerable to fire.
   rN:        It protects you from negative energy.
 Q - the amulet "Girecosh" (around neck) {Reflect Regen+ SH+5}
   (You bought it in a shop on level 2 of the Orcish Mines)

   [amulet of reflection]

   It reflects blocked missile attacks.
   Regen:     It increases your rate of health regeneration.
   SH:        It affects your SH (+5).
 V - a +6 ring of strength
Wands
 t - a wand of paralysis (9)
 y - a wand of mindburst (11)
 E - a wand of iceblast (44)
 I - a wand of digging (5)
 R - a wand of acid (6)
Scrolls
 i - 7 scrolls of fog
 j - 8 scrolls of teleportation
 m - 2 scrolls of fear
 o - 2 scrolls of immolation
 q - 8 scrolls of enchant armour
 u - 5 scrolls of magic mapping
 B - 4 scrolls of vulnerability
 H - 2 scrolls of silence
 J - 2 scrolls of blinking
 P - a scroll of enchant weapon
 X - 2 scrolls of holy word
 Y - 2 scrolls of summoning
 Z - 2 scrolls of brand weapon
Potions
 c - 6 potions of mutation
 f - 18 potions of curing
 g - 3 potions of lignification
 h - a potion of ambrosia
 l - 4 potions of resistance
 p - 4 potions of brilliance
 r - 3 potions of might
 s - 6 potions of magic {unknown}
 w - 3 potions of attraction {unknown}
 z - 3 potions of degeneration {unknown}
 A - 4 potions of haste
 N - 4 potions of invisibility
 T - 2 potions of cancellation
 W - 3 potions of berserk rage
Miscellaneous
 M - a condenser vane
 U - a phantom mirror


   Skills:
 * Level 12.6 Fighting
 + Level 3.0 Short Blades
 + Level 0.2 Staves
 + Level 7.1 Armour
 + Level 6.9 Dodging
 + Level 5.5 Stealth
 + Level 3.0 Shields
 * Level 22.3 Spellcasting
 + Level 3.8 Evocations


You had 10 spell levels left.
You knew the following spells:

 Your Spells              Type           Power      Damage    Failure   Level
a - Foxfire               Conj/Fire      100%       2x1d9     0%          1
b - Conjure Flame         Conj/Fire      100%       6-21      0%          3
c - Inner Flame           Hex/Fire       100%       N/A       0%          3
d - Sticky Flame          Conj/Fire      100%       2d11      0%          4
e - Fireball              Conj/Fire      53%        3d21      0%          5
f - Magic Dart            Conj           100%       1d8       0%          1
g - Slow                  Hex            100%       N/A       0%          2
h - Gell's Gravitas       Tloc           53%        N/A       0%          3
i - Ignite Poison         Fire/Tmut/Pois 100%       N/A       0%          3
j - Leda's Liquefaction   Hex/Erth       53%        N/A       0%          4
k - Metabolic Englaciati  Hex/Ice        53%        N/A       0%          5
l - Conjure Ball Lightni  Conj/Air       53%        3x3d18    1%          6
m - Statue Form           Tmut/Erth      70%        N/A       1%          6
n - Monstrous Menagerie   Summ           53%        N/A       1%          7
Your spell library was empty.

Dungeon Overview and Level Annotations

Branches:
Dungeon (11/15)            Temple (1/1) D:7            Lair (6/6) D:10
  Swamp (4/4) Lair:2        Snake (4/4) Lair:4        Slime (0/5) Lair:6
    Orc (2/2) D:9             Elf (1/3) Orc:2         Sewer (visited)

Altars:
Ashenzari
Cheibriados
Dithmenos
Elyvilon
Fedhas
Gozag
Hepliaklqana
Kikubaaqudgha
Makhleb
Nemelex Xobeh
Okawaru
Qazlal
Ru
Sif Muna
Trog
Uskayaw
Vehumet
Wu Jian
Xom
Yredelemnul
Zin
The Shining One
Beogh
Jiyva

Shops:
Orc:1 ?   Orc:2 =:[(   Lair:3 =   Snake:1 :[*   Snake:3 :=:   Snake:4 **(

Annotations:
D:3 1 runed translucent door
Elf:1 Azrael


Innate Abilities, Weirdness & Mutations

You are immune to sickness and miasma.
You are immune to poison.
Your flesh is very heat resistant. (rF++)
You are vulnerable to cold. (rC-)
You float through the air rather than walking.
You learn spells naturally, not from books.
Your magical power is your life essence.
You have superior vitality. (+4 HP)


Message History

3 ball lightnings come into view.
The deep elf zephyrmancer mumbles some strange words.
The deep elf zephyrmancer blinks!
The fire elemental hits your ball lightning.
Unknown command.
Your ball lightning explodes!
The blast of lightning engulfs the fire elemental.
The fire elemental resists.
The fire elemental is moderately damaged.
The fire elemental is no longer distracted by gold.
The blast of lightning engulfs the fire elemental.
The fire elemental resists.
The fire elemental is lightly damaged.
The blast of lightning engulfs your ball lightning.
Your ball lightning completely resists.
The blast of lightning engulfs you! You resist.
* * * LOW HITPOINT WARNING * * *
The blast of lightning engulfs your ball lightning.
Your ball lightning completely resists.
Your ball lightning explodes!
The blast of lightning engulfs the fire elemental!
The fire elemental resists.
The fire elemental is severely damaged.
The blast of lightning engulfs your ball lightning.
Your ball lightning completely resists.
The blast of lightning engulfs Azrael!!
Azrael is moderately wounded.
Your ball lightning explodes!
The blast of lightning engulfs the fire elemental!
The fire elemental resists.
You destroy the fire elemental!
The blast of lightning engulfs Azrael!!!
Azrael is severely wounded.
The blast of lightning engulfs the fire elemental!
The fire elemental resists.
The fire elemental is heavily damaged.
Azrael gestures at you.
The sphere of damnation explodes!
The damnation engulfs you!!
You die...
Your body crumbles into a pile of gold.

*,,,,,,,,,,,,,,,,,,,,*,***,
**+***#......#.....,,,,*,**,
*,,,,,#......#......,,***,*,
***,,,⌠,#.............,** **,,
*,,,,,,,#.............** *,,
*,,,,,,,#.............,** *,,
*,,,,,,,##............*,****,,
**+*,,,,#.............**,,,,,,
*,,*,,,**#...@.E...(..*,,,,*,,
*,,*,,**###.....○☼°...,,*,**,*
*,,*,,* #...#.$..○....,,*,**,*
###****+* #####.........,**,**,*
#.# *,* ##......○.....***,****
#.# *,* #.##.R.......* *,* #.#
*,* #.##.°.......* *,* ##.#####.#
#.###°.......***,* **
.........####.###........,,,,***,


You could see Azrael and a fire elemental.

Vanquished Creatures
  The ghost of aesalon the Peltast, an adept HOFi of Makhleb (Swamp:2)
  Gastronok (Lair:1)
  Kirke (Swamp:4)
  Donald (Orc:2)
  5 nagarajas
  4 ghouls (Swamp:2)
  A deep elf demonologist (Elf:1)
  Nessos (Lair:6)
  5 entropy weavers (Lair:5)
  4 bunyips
  The ghost of Spaninq the Basher, a journeyman TrBe of Trog (Lair:4)
  5 eleionomae
  A deep elf death mage (Elf:1)
  Josephine (Orc:1)
  A shambling mangrove (Swamp:4)
  12 naga warriors
  9 salamander tyrants
  A boulder beetle (Lair:6)
  4 ghost crabs
  8 anacondas
  5 ogre magi
  4 catoblepae
  20 hydras
  26 two-headed ogres
  11 death yaks (Lair:6)
  A tengu warrior (D:9)
  9 naga sharpshooters
  8 alligators
  2 orc high priests
  7 spriggans
  4 shock serpents
  A deep elf knight (Elf:1)
  2 goliath frogs
  4 fire crabs (Lair:5)
  4 salamander mystics
  2 bog bodies (Swamp:4)
  9 naga ritualists
  10 swamp dragons
  2 spriggan druids (Swamp:4)
  A lindwurm (Lair:5)
  5 deep elf zephyrmancers (Elf:1)
  An orange crystal statue (Elf:1)
  3 oklob plants (Lair:5)
  5 orc sorcerers
  7 deep elf pyromancers (Elf:1)
  3 manticores
  An orc knight (Orc:2)
  10 mana vipers
  4 will-o-the-wisps
  21 elephants
  29 salamanders
  6 guardian serpents
  Joseph (D:8)
  39 black mambas
  An apocalypse crab (Lair:5)
  13 naga magi
  3 torpor snails
  An unseen horror (D:11)
  13 cane toads
  5 rime drakes
  10 komodo dragons
  A tengu conjurer (D:9)
  4 trolls
  3 bloated husks
  10 hornets
  A meliai (shapeshifter) (D:8)
  2 polar bears (Lair:6)
  4 tyrant leeches
  20 blink frogs
  5 dream sheep (Lair:5)
  An air elemental (Elf:1)
  A vampire (D:9)
  4 wraiths
  73 yaks
  2 wyverns
  2 fire elementals (Elf:1)
  2 basilisks
  A death yak simulacrum (Lair:2)
  4 hogs (Swamp:4)
  18 swamp worms
  9 vampire mosquitoes
  2 wargs
  41 nagas
  Menkaure (D:4)
  A hell hound (Elf:1)
  An acid dragon (D:11)
  29 water moccasins
  Duvessa (D:5)
  Purgy (Sewer)
  8 swamp drakes
  2 black bears
  21 orc warriors
  2 ice beasts
  31 ogres
  A sky beast (D:5)
  34 wolves
  The ghost of Exaltedone87 the Slasher, an amateur DsGl (D:3)
  A centaur (D:10)
  A phantom (D:6)
  2 gnoll sergeants
  Dowan (D:5)
  15 bullfrogs
  2 cane toad simulacra (Lair:2)
  A water moccasin zombie (D:5)
  3 scorpions
  7 killer bees
  14 wights
  2 howler monkeys
  2 electric eels (Lair:3)
  2 centaur zombies
  2 jellies
  7 hounds
  14 orc priests
  A gnoll shaman (D:8)
  20 orc wizards
  4 iguanas
  Robin (D:2)
  A howler monkey zombie (D:8)
  18 gnolls
  A howler monkey skeleton (D:5)
  7 adders
  2 river rats
  A shadow imp (D:6)
  2 white imps (D:6)
  3 worms
  2 dart slugs (D:1)
  85 orcs
  15 ball pythons
  6 endoplasms
  2 giant cockroaches
  11 goblins
  12 hobgoblins
  11 kobolds
  4 quokkas
  7 bats
  6 frilled lizards
  5 rats
1027 creatures vanquished.

Vanquished Creatures (collateral kills)
  A tentacled monstrosity (Swamp:2)
  63 ball lightnings
64 creatures vanquished.

Vanquished Creatures (others)
  A hydra (Swamp:4)
  A dancing weapon (Elf:1)
  A goliath frog (Swamp:2)
  A swamp dragon (Swamp:4)
  872 ball lightnings
  901 foxfires
  53 fungi
  150 plants
1980 creatures vanquished.

Grand Total: 3071 creatures vanquished

Notes
Turn   | Place    | Note
-------+----------+-------------------------------------------
     0 | D:1      | robertstho the Djinni Fire Elementalist began the quest for
                  | the Orb.
     0 | D:1      | Reached XP level 1. HP: 15/15 MP: 0/0
   271 | D:1      | Reached XP level 2. HP: 20/21 MP: 0/0
   513 | D:1      | Reached skill level 3 in Spellcasting
   710 | D:1      | Found a faded altar of an unknown god.
   791 | D:1      | Reached XP level 3. HP: 24/26 MP: 0/0
   791 | D:1      | Learned a level 1 spell: Magic Dart
  1854 | D:2      | Noticed Robin
  1925 | D:2      | Reached XP level 4. HP: 19/31 MP: 0/0
  1934 | D:2      | Killed Robin
  3231 | D:3      | Reached XP level 5. HP: 32/36 MP: 0/0
  3231 | D:3      | Learned a level 2 spell: Slow
  3695 | D:3      | Reached skill level 1 in Fighting
  3763 | D:3      | Reached skill level 4 in Spellcasting
  3869 | D:3      | Noticed a steam dragon
  4032 | D:3      | Found a runed translucent door.
  4034 | D:3      | Noticed Exaltedone87's ghost (amateur DsGl)
  4052 | D:3      | Found a runed translucent door.
  4053 | D:3      | Noticed a bullfrog
  4231 | D:3      | Killed a bullfrog
  4232 | D:3      | Reached XP level 6. HP: 37/42 MP: 0/0
  4241 | D:3      | Killed Exaltedone87's ghost
  4392 | D:4      | Noticed Menkaure
  4398 | D:4      | Killed Menkaure
  4399 | D:4      | Reached skill level 5 in Spellcasting
  4399 | D:4      | Reached XP level 7. HP: 42/48 MP: 0/0
  4399 | D:4      | Learned a level 3 spell: Gell's Gravitas
  5288 | D:5      | Entered Level 5 of the Dungeon
  5361 | D:5      | Found a blossoming altar of Fedhas.
  5407 | D:5      | Found a stormy altar of Qazlal.
  5418 | D:5      | Found a basalt altar of Yredelemnul.
  5419 | D:5      | Found a shadowy altar of Dithmenos.
  5454 | D:5      | Found a glowing drain.
  5478 | D:5      | Reached skill level 6 in Spellcasting
  5480 | Sewer    | Entered a sewer
  5850 | Sewer    | Noticed Purgy
  5856 | Sewer    | Killed Purgy
  5857 | Sewer    | Reached XP level 8. HP: 49/55 MP: 0/0
  6162 | D:5      | Reached skill level 7 in Spellcasting
  6163 | D:5      | Noticed Duvessa
  6165 | D:5      | Noticed Dowan
  6170 | D:5      | Killed Duvessa
  6181 | D:5      | Killed Dowan
  6469 | D:6      | Reached XP level 9. HP: 60/60 MP: 0/0
  6469 | D:6      | Learned a level 3 spell: Ignite Poison
  6572 | D:6      | Reached skill level 8 in Spellcasting
  6869 | D:6      | Found a sparkling altar of Nemelex Xobeh.
  7280 | D:7      | Reached skill level 1 in Armour
  7398 | D:7      | Reached skill level 9 in Spellcasting
  7449 | D:7      | Found a staircase to the Ecumenical Temple.
  7617 | Temple   | Entered the Ecumenical Temple
  7645 | Temple   | Became a worshipper of Gozag Ym Sagoz the Greedy
  7838 | D:7      | Reached XP level 10. HP: 46/67 MP: 0/0
  8328 | D:7      | Reached skill level 5 in Dodging
  8328 | D:7      | Reached XP level 11. HP: 76/76 MP: 0/0
  8328 | D:7      | Learned a level 4 spell: Leda's Liquefaction
  8390 | D:8      | Reached skill level 10 in Spellcasting
  8409 | D:8      | Noticed a two-headed ogre
  8414 | D:8      | Killed a two-headed ogre
  8692 | D:8      | Noticed Joseph
  8700 | D:8      | Killed Joseph
  9520 | D:9      | Found a staircase to the Orcish Mines.
  9677 | D:9      | Noticed a tengu warrior
  9682 | D:9      | Killed a tengu warrior
 10149 | D:9      | Found a glowing silver altar of Zin.
 10176 | D:9      | Found an ornate altar of the Wu Jian Council.
 10253 | D:10     | Entered Level 10 of the Dungeon
 10262 | D:10     | Reached skill level 11 in Spellcasting
 10375 | D:10     | Found a staircase to the Lair.
 10574 | D:10     | Reached XP level 12. HP: 42/84 MP: 0/0
 10631 | D:10     | Identified the amulet "Zizuahaz" {Acrobat rF- rN+ Str+3}
 10896 | D:10     | Noticed a two-headed ogre
 10902 | D:10     | Killed a two-headed ogre
 10936 | D:10     | Found a sacrificial altar of Ru.
 11462 | D:11     | Reached skill level 5 in Armour
 11471 | D:11     | Noticed a two-headed ogre
 11477 | D:11     | Killed a two-headed ogre
 11510 | D:11     | Noticed a two-headed ogre
 11511 | D:11     | Noticed a two-headed ogre
 11512 | D:11     | Killed a two-headed ogre
 11513 | D:11     | Killed a two-headed ogre
 11514 | D:11     | Reached skill level 12 in Spellcasting
 11649 | D:11     | Noticed a two-headed ogre
 11651 | D:11     | Noticed a two-headed ogre
 11654 | D:11     | Killed a two-headed ogre
 11654 | D:11     | Noticed an ogre mage
 11659 | D:11     | Killed a two-headed ogre
 11670 | D:11     | Killed an ogre mage
 11965 | D:11     | Noticed a two-headed ogre
 11970 | D:11     | Killed a two-headed ogre
 12095 | D:11     | Noticed a boulder beetle
 12198 | Lair:1   | Entered Level 1 of the Lair of Beasts
 12282 | Lair:1   | Reached XP level 13. HP: 65/92 MP: 0/0
 12282 | Lair:1   | Learned a level 5 spell: Metabolic Englaciation
 12339 | Lair:1   | Noticed Gastronok
 12349 | Lair:1   | Killed Gastronok
 12350 | Lair:1   | Reached skill level 13 in Spellcasting
 13257 | Lair:2   | Found a frozen archway.
 13533 | Lair:2   | Found a staircase to the Swamp.
 14003 | Lair:3   | Noticed a seven-headed hydra
 14003 | Lair:3   | Noticed an eight-headed hydra
 14012 | Lair:2   | Killed a seven-headed hydra
 14159 | Lair:3   | Reached skill level 5 in Stealth
 14172 | Lair:3   | Killed an eight-headed hydra
 14173 | Lair:3   | Reached skill level 14 in Spellcasting
 14751 | Lair:3   | Reached XP level 14. HP: 55/99 MP: 0/0
 15113 | Lair:3   | Bought the ring "Veriefes" {rF+ Will- Int+5 SInv} for 564
                  | gold pieces
 15119 | Lair:3   | Bought the ring "Pem Ylae" {rF+ rCorr} for 544 gold pieces
 15582 | Lair:4   | Found a staircase to the Snake Pit.
 15605 | Lair:4   | Found a hazy altar of Hepliaklqana.
 15746 | Lair:4   | Found a runed translucent door.
 15746 | Lair:4   | Noticed Spaninq's ghost (journeyman TrBe)
 15889 | Lair:4   | Reached skill level 15 in Spellcasting
 16090 | Lair:4   | Identified a scroll of acquirement
 16091 | Lair:4   | Acquired the ring "Deofouj" {+Blink rElec rF++ rN+ MP+9}
 16541 | Lair:4   | Killed Spaninq's ghost
 16832 | Lair:5   | Found a runed translucent door.
 17176 | Lair:5   | Reached XP level 15. HP: 27/105 MP: 0/0
 17176 | Lair:5   | Learned a level 6 spell: Conjure Ball Lightning
 17767 | Lair:5   | Reached skill level 16 in Spellcasting
 18151 | Lair:6   | Entered Level 6 of the Lair of Beasts
 18640 | Lair:6   | Found a viscous altar of Jiyva.
 18641 | Lair:6   | Found a staircase to the Slime Pits.
 18659 | Lair:6   | Reached skill level 10 in Fighting
 19194 | Lair:6   | Identified the +6 spear of Valour {vorpal, Int+3}
 19194 | Lair:6   | Noticed Nessos
 19198 | Lair:6   | Killed Nessos
 19295 | Lair:6   | Reached skill level 17 in Spellcasting
 19295 | Lair:6   | Reached XP level 16. HP: 89/113 MP: 0/0
 20277 | Orc:1    | Entered Level 1 of the Orcish Mines
 20712 | Orc:1    | Noticed Josephine
 20715 | Orc:1    | Killed Josephine
 20746 | Orc:1    | Found Afae's Magic Scroll Emporium.
 20753 | Orc:1    | Bought a scroll of amnesia for 38 gold pieces
 20753 | Orc:1    | Bought a scroll of acquirement for 572 gold pieces
 20753 | Orc:1    | Bought a scroll of identify for 22 gold pieces
 20754 | Orc:1    | Bought a scroll of teleportation for 33 gold pieces
 20754 | Orc:1    | Bought a scroll of teleportation for 33 gold pieces
 20754 | Orc:1    | Bought a scroll of magic mapping for 38 gold pieces
 20754 | Orc:1    | Bought a scroll of teleportation for 33 gold pieces
 20756 | Orc:1    | Acquired a manual of Spellcasting
 20962 | Orc:2    | Entered Level 2 of the Orcish Mines
 20962 | Orc:2    | Noticed Donald
 20967 | Orc:2    | Killed Donald
 21328 | Orc:2    | Reached skill level 18 in Spellcasting
 21749 | Orc:2    | Reached XP level 17. HP: 98/120 MP: 0/0
 21749 | Orc:2    | Learned a level 6 spell: Statue Form
 21947 | Orc:2    | Found Xinu's Antique Armour Emporium.
 21947 | Orc:2    | Found Ipnu's Jewellery Boutique.
 21948 | Orc:2    | Found Wacsis's Antique Weapon Shop.
 21948 | Orc:2    | Found Leis's Book Emporium.
 21956 | Orc:2    | Bought a crude robe for 165 gold pieces
 21956 | Orc:2    | Identified the +1 robe "Sozysor Azyr" {Stlth+} (You bought
                  | it in a shop on level 2 of the Orcish Mines)
 21958 | Orc:2    | Bought a crude dagger for 301 gold pieces
 21958 | Orc:2    | Identified the +2 dagger of Exoneration {flame, rF- rC+++
                  | Int+3 Stlth+} (You bought it in a shop on level 2 of the
                  | Orcish Mines)
 21960 | Orc:2    | Bought the amulet "Girecosh" {Reflect Regen+ SH+5} for 629
                  | gold pieces
 22119 | Orc:2    | Found a staircase to the Elven Halls.
 22592 | Snake:1  | Entered Level 1 of the Snake Pit
 22599 | Snake:1  | Reached skill level 19 in Spellcasting
 23131 | Snake:1  | Found Cigix's Assorted Antiques.
 23133 | Snake:1  | Found Lapigg's Antique Armour Emporium.
 23135 | Snake:1  | Found Ynor's Book Shoppe.
 23139 | Snake:1  | Bought 2 potions of invisibility for 416 gold pieces
 23511 | Snake:1  | You are sucked into a shaft and drop 1 floor!
 24498 | Snake:2  | Identified the +8 plate armour of Unambiguity {Will++
                  | Int+4}
 24752 | Snake:3  | Reached skill level 20 in Spellcasting
 25233 | Snake:3  | Found Solout's Book Shoppe.
 25233 | Snake:3  | Found Femeaq's Jewellery Boutique.
 25238 | Snake:3  | Found Zaegrel's Book Shoppe.
 26126 | Snake:4  | Entered Level 4 of the Snake Pit
 26129 | Snake:4  | Reached XP level 18. HP: 123/128 MP: 0/0
 26281 | Snake:4  | Found a burning altar of Makhleb.
 26420 | Snake:4  | Found Fuluuf's General Store.
 26425 | Snake:4  | Found Najim's Specific Store.
 26430 | Snake:4  | Bought a scroll of summoning for 114 gold pieces
 26812 | Snake:4  | Reached skill level 21 in Spellcasting
 27210 | Snake:4  | Got a serpentine rune of Zot
 27666 | Snake:4  | Bought a warped quarterstaff for 207 gold pieces
 27666 | Snake:4  | Identified the +8 quarterstaff "Vumnek" {venom, rElec rC++}
                  | (You bought it in a shop on level 4 of the Snake Pit)
 27847 | Swamp:1  | Entered Level 1 of the Swamp
 27879 | Swamp:1  | Reached XP level 19. HP: 91/135 MP: 0/0
 27879 | Swamp:1  | Learned a level 7 spell: Monstrous Menagerie
 28415 | Swamp:2  | Noticed a tentacled monstrosity
 28429 | Swamp:2  | Killed a tentacled monstrosity
 28638 | Swamp:2  | Found a runed translucent door.
 28639 | Swamp:2  | Found a shimmering altar of Xom.
 28639 | Swamp:2  | Noticed aesalon's ghost (adept HOFi)
 29310 | Swamp:2  | Killed aesalon's ghost
 30066 | Swamp:4  | Entered Level 4 of the Swamp
 30109 | Swamp:4  | Noticed Kirke
 30114 | Swamp:4  | Killed Kirke
 30149 | Swamp:4  | Reached skill level 22 in Spellcasting
 30232 | Swamp:4  | Reached XP level 20. HP: 131/142 MP: 0/0
 30478 | Swamp:4  | Got a decaying rune of Zot
 30983 | Elf:1    | Entered Level 1 of the Elven Halls
 31001 | Elf:1    | Paralysed by an air elemental for 1 turns
 31433 | Elf:1    | Noticed Azrael
 31435 | Elf:1    | Killed from afar by Azrael

Illustrated notes

Levels and vault maps discovered:
D:1:      wander_arrival_peaceful_grave, layout_basic, basic_ecumenical_altar,
          grunt_decor_one_mirror, lexackson_kobold_supper
D:2:      kb_forest_paths, layout_rooms, hangedman_decor_clover_reticule,
          uniq_robin
D:3:      layout_loops_ring, ebering_ghost_sewer_f, lightli_corner_chamber
D:4:      layout_rooms, uniq_menkaure
D:5:      layout_cave_pools, chequers_temple_overflow_minitemple,
          cheibrodos_sewer_entry_sluice, uniq_duvessa
D:6:      layout_basic, nemelex_xobeh_ov_fountains_minmay
D:7:      layout_basic, minmay_temple_entry_glassed_door, nicolae_sextant
D:8:      layout_loops_corners, amcnicky_mini_rare_corridor_liquid,
          serial_bayou_pond_b, st_stairs_1, kennysheep_windowed_goal,
          uniq_joseph
D:9:      layout_stronghold, mainiacjoe_overflow_two_lobes, orc_0_dummy,
          minmay_misc_feat_doors
D:10:     layout_loops_corners, nicolae_ru_awakened_eye, david_lair_shrubbed
D:11:     layout_basic, interstate_on_off
Temple:   cyrus_circular_temple
Lair:1:   beast_lair_carwin_large_3, layout_long_grid, serial_forest,
          infiniplex_forest_straight_3, infiniplex_forest_clump_medium,
          infiniplex_forest_split, infiniplex_forest_straight_3,
          infiniplex_forest_join, grunt_megastairs_1, uniq_gastronok
Lair:2:   layout_long_grid, minmay_swamp_entry_worms,
          portal_ice_cave_entry_ice_simulacra
Lair:3:   layout_gridlike, serial_bayou_shore_a
Lair:4:   layout_gridlike, minmay_snake_entry_six_corridors, basic_altar,
          gammafunk_ghost_grave
Lair:5:   gammafunk_mikee_crab_dinner, layout_regular_city,
          serial_bayou_shore_b, minmay_lair_oklob_chamber, grunt_megastairs_3
Lair:6:   evilmike_catoblepas_cave, layout_cave_pods,
          dpeg_slime_entry_enclosed_altar, uniq_nessos
Swamp:1:  layout_basic_swamp, evilmike_swamp_ruin_house_1
Swamp:2:  layout_basic_swamp, ebering_ghost_xom, evilmike_swamp_ruin_house_4
Swamp:3:  layout_basic_swamp, serial_swamp_ruin, evilmike_swamp_ruin_rubble_1,
          evilmike_swamp_ruin_wall, evilmike_swamp_ruin_rubble_2, swamp_pool2
Swamp:4:  swamp_alternative, layout_basic_swamp, uniq_kirke
Snake:1:  layout_layer_cave, lemuel_fruit_tree, minmay_shop_star
Snake:2:  layout_onion
Snake:3:  layout_onion, special_room, grunt_ministairs_7, minmay_shop_grove
Snake:4:  grunt_snake_rune_pools, layout_cave_town, basic_altar,
          nicolae_specific_store
Orc:1:    layout_diamond_mine, serial_shops, nicolae_diamond_shop,
          uniq_josephine
Orc:2:    st_orc_ogre_mass, layout_caves, minmay_orc_temple_b, uniq_donald
Elf:1:    eino_elf_arrival_the_gate, layout_loops_cross,
          portal_desolation_entry_ruin, minmay_elf_necromancy, minivault_16,
          uniq_azrael

Skill      XL: |  1  2  3  4  5  6  7  8  9 10 11 12 13 14 15 16 17 18 19 |
---------------+----------------------------------------------------------+-----
Spellcasting   | 3 4 5 6 7 9 11 12 14 15 17 18 20 21 22 | 22.3
Stealth        | 2 3 4 5 |  5.5
Fighting       | 1 2 3 4 6 7 8 9 10 11 12 | 12.6
Armour         | 1 4 5 6 7 |  7.1
Short Blades   | 2 3 |  3.0
Dodging        | 5 6 |  6.9
Shields        | 2 3 |  3.0
Evocations     | 3 |  3.8
Staves         | |  0.2

Action                   |  1- 3 |  4- 6 |  7- 9 | 10-12 | 13-15 | 16-18 | 19-21 || total
-------------------------+-------+-------+-------+-------+-------+-------+-------++-------
Melee: Dagger            |     1 |       |       |       |    16 |     4 |       ||    21
       Quarterstaff      |       |       |       |       |       |       |     7 ||     7
 Cast: Foxfire           |    90 |   136 |   326 |       |     1 |       |       ||   553
       Fireball          |       |       |     5 |   170 |   280 |    28 |    38 ||   521
       Sticky Flame      |       |       |     5 |    22 |    32 |     8 |     9 ||    76
       Conjure Flame     |       |       |     1 |       |       |       |       ||     1
       Slow              |       |       |       |     1 |       |       |       ||     1
       Leda's Liquefacti |       |       |       |       |     2 |       |     1 ||     3
       Metabolic Englaci |       |       |       |       |     2 |       |       ||     2
       Gell's Gravitas   |       |       |       |       |     2 |       |       ||     2
       Magic Dart        |       |       |       |       |     1 |       |       ||     1
       Conjure Ball Ligh |       |       |       |       |    75 |   271 |   120 ||   466
       Statue Form       |       |       |       |       |       |     1 |     1 ||     2
       Monstrous Menager |       |       |       |       |       |       |     2 ||     2
Invok: Call Merchant     |       |       |       |       |     1 |     1 |       ||     2
  Use: Scroll            |       |     3 |     9 |     5 |     7 |     4 |     9 ||    37
       Potion            |       |       |       |     2 |       |     1 |     4 ||     7
 Stab: Distracted        |       |       |       |       |     1 |       |     1 ||     2
Armor: Robe              |     4 |    11 |       |       |       |       |       ||    15
       Troll leather arm |       |       |     6 |     3 |    19 |    14 |     7 ||    49
       Skin              |       |       |       |     1 |       |     9 |     3 ||    13
Dodge: Dodged            |     5 |    25 |    16 |    20 |    38 |    42 |    30 ||   176
Block: Other             |       |       |       |       |       |     7 |     5 ||    12

Table legend: (Time is in decaauts)
 A = Elapsed time spent in this place.
 B = Non-inter-level travel time spent in this place.
 C = Inter-level travel time spent in this place.
 D = Time resting spent in this place.
 E = Time spent auto-exploring this place.
 F = Levels seen in this place.
 G = Mean time per level.
                   A        B        C        D        E       F      G
               +--------+--------+--------+--------+--------+-----+--------+
         Total |  31572 |  29842 |   1730 |   1545 |  22702 |  30 | 1052.4 |
       Dungeon |  11904 |  11283 |    621 |    390 |   9286 |  11 | 1082.2 |
        Temple |     43 |     28 |     15 |      0 |     16 |   1 |   43.0 |
          Lair |   8265 |   7680 |    585 |    625 |   5839 |   6 | 1377.5 |
         Swamp |   3017 |   2865 |    152 |    285 |   1970 |   4 |  754.2 |
     Snake Pit |   5245 |   5001 |    244 |     46 |   3778 |   4 | 1311.2 |
  Orcish Mines |   2089 |   1978 |    111 |    199 |   1106 |   2 | 1044.5 |
   Elven Halls |    486 |    486 |      0 |      0 |    255 |   1 |  486.0 |
         Sewer |    520 |    520 |      0 |      0 |    451 |   1 |  520.0 |
               +--------+--------+--------+--------+--------+-----+--------+

Top non-repeatable levels by time:
  Lair:6: 1922 daAuts
     D:2: 1639 daAuts
 Snake:4: 1635 daAuts
  Lair:5: 1604 daAuts
     D:1: 1586 daAuts
  Lair:3: 1375 daAuts
  Lair:4: 1314 daAuts
 Snake:2: 1307 daAuts
   Orc:2: 1255 daAuts
     D:7: 1172 daAuts
 Snake:1: 1169 daAuts
     D:3: 1164 daAuts
    D:10: 1164 daAuts
 Snake:3: 1132 daAuts
     D:8: 1102 daAuts
